 Dungeon Crawl Stone Soup version 0.14.1-18-g0856e53 (webtiles) character file.

335 Kae the Firebug (level 5, -2/28 HPs)
             Began as a Deep Elf Fire Elementalist on June 3, 2014.
             Killed from afar by Edmund (10 damage)
             ... with a wand of frost
             ... on Level 4 of the Dungeon.
             The game lasted 00:05:51 (3814 turns).

Kae the Firebug (Deep Elf Fire Elementalist)        Turns: 3814, Time: 00:05:51

HP  -2/28        AC  4     Str  5      XL: 5   Next: 86%
MP  15/18        EV 13     Int 23      God:
Gold 86          SH  0     Dex 18      Spells:  3 memorised,  7 levels left

rFire  . . .     SeeInvis .     (no weapon)
rCold  . . .     Clarity  .     a - +0 robe
rNeg   . . .     Conserve .     (no shield)
rPois  .         rCorr    .     h - +2 hat
rElec  .         rRot     .     (no cloak)
SustAb . .       Spirit   .     (no gloves)
rMut   .         Warding  .     (no boots)
Saprov . . .     Stasis   .     (no amulet)
MR     .....                    l - +3 ring of dexterity
                                f - +2 ring of intelligence

@: not resistant to hostile enchantments, stealthy
A: no striking features
a: no special abilities


You were on level 4 of the Dungeon.
You were not hungry.

You visited 1 branch of the dungeon, and saw 4 of its levels.

You collected 86 gold pieces.

Inventory:

Armour
 a - a +0 robe (worn)
 h - a +2 hat (worn)
Comestibles
 c - 3 bread rations
 u - a choko
Scrolls
 d - 2 scrolls of amnesia
 e - 2 scrolls of remove curse
 j - a scroll of enchant weapon I {unknown}
 k - 2 scrolls of fear {unknown}
 m - a scroll of identify {unknown}
 q - a scroll of magic mapping {unknown}
 r - a scroll of recharging {unknown}
Jewellery
 f - a +2 ring of intelligence (left hand)
 l - a +3 ring of dexterity (right hand)
Potions
 g - a potion of brilliance {unknown}
 i - 3 potions of haste {unknown}
 n - 2 potions of agility {unknown}
 p - a potion of beneficial mutation {unknown}
 s - a potion of flight {unknown}
 t - 2 potions of curing {unknown}
 w - 2 potions of berserk rage {unknown}
Books
 b - a book of Flames

   Spells                             Type                      Level
   *Flame Tongue                      Conjuration/Fire             1
   *Throw Flame                       Conjuration/Fire             2
   *Conjure Flame                     Conjuration/Fire             3
   Inner Flame                        Hexes/Fire                   3
   Sticky Flame                       Conjuration/Fire             4
   Fireball                           Conjuration/Fire             5


   Skills:
 - Level 2.4 Dodging
 - Level 2.4 Stealth
 + Level 4.5 Spellcasting
 * Level 4.2 Conjurations
 * Level 5.1 Fire Magic


You had 7 spell levels left.
You knew the following spells:

 Your Spells              Type           Power        Failure   Level  Hunger
a - Flame Tongue          Conj/Fire      ####.        1%          1    None
b - Throw Flame           Conj/Fire      ####..       2%          2    None
c - Conjure Flame         Conj/Fire      ####....     6%          3    ##.....


Dungeon Overview and Level Annotations

Branches:
Dungeon (4/15)
 Temple: D:4-7

Altars:
Ashenzari
Makhleb
Trog
The Shining One

Annotations:
D:4 Edmund; chipmonk's ghost, average MfBe


Message History

Edmund shouts!
The goblin hits you.
There is an open door here.
You barely miss the goblin. The goblin hits you.
You miss the goblin. The goblin misses you.
You hit Edmund but do no damage. Edmund hits you with a dire flail!
Ouch! That really hurt!
* * * LOW HITPOINT WARNING * * *
The goblin barely misses you.
You are too injured to fight recklessly!
You are too injured to fight recklessly!
Unknown command.
Edmund zaps a wand.
The puff of frost misses you.
Casting: Flame Tongue
Confirm with . or Enter, or press ? or * to list all spells.
Aiming: Conjure Flame
Press: ? - help, Dir - move target cursor The fire roars!
Edmund zaps a wand.
The puff of frost hits you!
You die...

#.# ...... #.# .......
#.# ....... #.# .......
#######.#######........
#.......@ยง.g..'........
#.......#######........
#.......# .......
#....).@# .......
#.......# ##'####
#.......#### .#
#..........### # ##
#............. ...
####........... ....
#........... ....
#........... ....
#.......... ...?.


You could see Edmund.

Vanquished Creatures
  A hound (D:3)
  2 orc wizards
  A worker ant (D:4)
  Ijyb (D:2)
  3 adders (D:2)
  3 giant mites
  A worm (D:4)
  A giant gecko (D:2)
  An ooze (D:3)
  6 orcs
  2 ball pythons
  2 giant cockroaches
  8 hobgoblins
  3 jackals (D:1)
  3 kobolds
  2 quokkas
  12 bats
  6 giant newts
  A gnoll skeleton (D:4)
  5 goblins
  A goblin skeleton (D:4)
  6 rats
71 creatures vanquished.

Notes
Turn   | Place    | Note
--------------------------------------------------------------
     0 | D:1      | Kae, the Deep Elf Fire Elementalist, began the quest for the Orb.
     0 | D:1      | Reached XP level 1. HP: 10/10 MP: 5/5
   378 | D:1      | Reached XP level 2. HP: 15/15 MP: 3/8
   860 | D:2      | Noticed Ijyb
   862 | D:2      | Reached skill level 4 in Fire Magic
   862 | D:2      | Reached XP level 3. HP: 17/19 MP: 8/11
   992 | D:2      | Killed Ijyb
  1120 | D:2      | Found a glowing golden altar of the Shining One.
  1483 | D:2      | Reached XP level 4. HP: 24/24 MP: 8/14
  2001 | D:3      | Learned a level 2 spell: Throw Flame
  2005 | D:3      | Learned a level 3 spell: Conjure Flame
  2316 | D:3      | Found a shattered altar of Ashenzari.
  2599 | D:3      | Found a burning altar of Makhleb.
  2605 | D:3      | Reached XP level 5. HP: 28/28 MP: 13/18
  3121 | D:4      | Noticed chipmonk's ghost (average MfBe)
  3258 | D:4      | Reached skill level 5 in Fire Magic
  3656 | D:4      | Found a bloodstained altar of Trog.
  3717 | D:4      | Noticed Edmund
  3814 | D:4      | Killed from afar by Edmund

Action                   |  1- 3 |  4- 6 || total
-------------------------+-------+-------++-------
Melee: Unarmed           |    43 |    94 ||   137
 Cast: Flame Tongue      |    66 |    74 ||   140
       Conjure Flame     |       |     2 ||     2
  Use: Scroll            |     3 |     1 ||     4
 Stab: Distracted        |     1 |     1 ||     2
       Sleeping          |       |     1 ||     1
